 Dungeon Crawl Stone Soup version 0.28-a0-80-g9707f7362f (webtiles) character file.

Game seed: 14554108326442357940

4505 Conn the Destroyer (level 10, -10/59 HPs)
             Began as an Octopode Fire Elementalist on Aug 4, 2021.
             Was a Believer of Sif Muna.
             Mangled by a boulder beetle (52 damage)
             ... on level 8 of the Dungeon.
             The game lasted 00:29:40 (11005 turns).

Conn the Destroyer (Octopode Fire Elementalist)    Turns: 11005, Time: 00:29:41

Health: -10/59     AC:  1    Str: 10    XL:     10   Next: 39%
Magic:  15/21      EV: 14    Int: 21    God:    Sif Muna [**....]
Gold:   521        SH:  0    Dex: 13    Spells: 4/23 levels left

rFire   + + .      SeeInvis +   w - staff of conjuration
rCold   . . .      Faith    +   (no shield)
rNeg    + + .      Spirit   .   (helmet restricted)
rPois   +          Reflect  .   f - amulet of faith
rElec   .          Harm     .   j - ring of fire
rCorr   +          Rampage  .   n - ring of protection from cold
Will    .....                   i - ring "Oshiol" {*Slow rN++ rCorr Str+3 SInv}
Stlth   ++++......              y - ring of protection from cold
HPRegen 0.19/turn               v - ring of fire
MPRegen 0.17/turn               D - ring of poison resistance
                                (no ring)
                                (no ring)

@: very slightly contaminated
A: almost no armour, amphibious, 8 rings, camouflage 1, gelatinous body 1,
(nimble swimmer 1), tentacles
a: Renounce Religion, Channel Magic


You were on level 8 of the Dungeon.
You worshipped Sif Muna.
Sif Muna was pleased with you.
You visited 2 branches of the dungeon, and saw 9 of its levels.

You collected 521 gold pieces.

Inventory:

Hand Weapons
 c - a +0 dagger
 l - a +2 dagger of distortion
Magical Staves
 w - a staff of conjuration (weapon)
Jewellery
 f - an amulet of faith (around mantle)
 i - the ring "Oshiol" (on tentacle) {*Slow rN++ rCorr Str+3 SInv}
   (You found it on level 7 of the Dungeon)

   [ring of see invisible]

   Str:       It affects your strength (+3).
   rN:        It greatly protects you from negative energy.
   SInv:      It lets you see invisible.
   rCorr:     It protects you from acid and corrosion.
   *Slow:     It may slow you when you take damage.
 j - a ring of fire (left tentacle)
 n - a ring of protection from cold (right tentacle)
 p - a ring of fire
 v - a ring of fire (on tentacle)
 y - a ring of protection from cold (on tentacle)
 D - a ring of poison resistance (on tentacle)
Wands
 o - a wand of digging (9)
 s - a wand of flame (18)
 t - a wand of acid (8)
 u - a wand of paralysis (5)
Scrolls
 b - 3 scrolls of magic mapping
 d - 6 scrolls of identify
 g - a scroll of immolation
 h - a scroll of enchant weapon {unknown}
 k - 2 scrolls of blinking
 q - 2 scrolls of enchant armour
 x - a scroll of brand weapon {unknown}
 B - a scroll of fog
Potions
 a - a potion of resistance
 e - 7 potions of curing
 m - a potion of brilliance
 r - a potion of flight
 z - a potion of attraction
 A - a potion of haste
 C - 3 potions of might


   Skills:
 + Level 1.4 Fighting
 + Level 0.5 Short Blades
 + Level 1.4 Staves
 + Level 3.6 Dodging
 + Level 5.5 Stealth
 + Level 7.4 Spellcasting
 * Level 8.7 Conjurations
 + Level 1.0 Hexes
 + Level 2.8 Summonings
 + Level 7.3 Fire Magic


You had 4 spell levels left.
You knew the following spells:

 Your Spells              Type           Power      Damage    Failure   Level
a - Foxfire               Conj/Fire      100%       2x1d9     1%          1
b - Conjure Flame         Conj/Fire      96%        6-21      1%          3
c - Inner Flame           Hex/Fire       54%        N/A       4%          3
d - Sticky Flame          Conj/Fire      96%        2d11      3%          4
e - Fireball              Conj/Fire      48%        3d19      9%          5
f - Summon Guardian Gole  Hex/Summ       15%        N/A       12%         3

Your spell library contained the following spells:

 Spells                   Type           Power      Damage    Failure   Level
 Sandblast                Erth           14%        2d6       9%          1
 Passwall                 Tmut/Erth      5%         N/A       13%         2
 Gell's Gravitas          Tloc           3%         N/A       26%         3
 Teleport Other           Tloc           7%         N/A       26%         3
 Orb of Destruction       Conj           30%        9d12      89%         7
 Lee's Rapid Deconstruct  Erth           3%         3d6*      93%         5
 Dispersal                Tloc           3%         N/A       100%        6
 Spellforged Servitor     Conj/Summ      24%        N/A       100%        7


Dungeon Overview and Level Annotations

Branches:
Dungeon (8/15)             Temple (1/1) D:7
   Lair: D:8-11

Altars:
Ashenzari
Dithmenos
Elyvilon
Fedhas
Gozag
Hepliaklqana
Makhleb
Okawaru
Sif Muna
Trog
Wu Jian
Xom
Yredelemnul
Zin
The Shining One

Shops:
D:5 :[


Innate Abilities, Weirdness & Mutations

You cannot wear most types of armour.
You are amphibious.
You can wear up to eight rings at the same time.
Your skin changes colour to match your surroundings (Stealth+).
Your rubbery body absorbs attacks. (AC +1, EV +1)
((You are camouflaged near water. (Stealth+)))
You have tentacles for arms and can constrict up to eight enemies at once.


Message History

Confirm with . or Enter, or press ? or * to list all spells.
You feel a huge surge of power!
You conjure some foxfire!
The foxfire hits the jelly.
The jelly is heavily wounded.
The foxfire hits the jelly!
You kill the jelly!
Sif Muna accepts your kill.
Casting: Foxfire (safe; 1% risk of failure)
Confirm with . or Enter, or press ? or * to list all spells.
You feel a huge surge of power!
You conjure some foxfire!
Unknown command.
Your foxfire dissipates! x2
Your foxfire dissipates! x2
Found a buckler.
Your foxfire dissipates!
Magic restored.
Found a stone staircase leading down.
A steam dragon comes into view.
The boulder beetle leaps!
Casting: Foxfire (safe; 1% risk of failure)
Confirm with . or Enter, or press ? or * to list all spells.
Aiming: Sticky Flame (dangerous; 3% risk of failure)
Press: ? - help, Shift-Dir - straight line, f - steam dragon
Aim: a steam dragon (wandering, hasn't noticed you, 100% to hit)
You feel a huge surge of power!
You miscast Sticky Flame.
You are very lightly contaminated with residual magic.
Sparks fly from your tentacles!
The steam dragon hisses angrily.
The steam dragon bites you! The steam dragon claws you.
Unknown command.
Casting: Sticky Flame (dangerous; 3% risk of failure)
Confirm with . or Enter, or press ? or * to list all spells.
A guardian golem appears, shielding your allies.
The boulder beetle curls into a ball and begins rolling!
The steam dragon misses you. The steam dragon barely misses you.
The steam dragon breathes steam at you. The ball of steam misses you.
The boulder beetle hits you!!!
Ouch! That really hurt!
You die...

..†###..............#.#...#####..
##.........###...# #.........##..
.###....######...###..#+####.##..
...###...##............○.# # ..
.....###.#........°°.......B. .
.......'.#..##D8§°...........
.....###.# #§.○.###...#####
...###...#..##.§B§......#
.###....##......@.........
##...##.###.##.##.#.#...###
...#..............#.#...#
.###.######.##....... ## #.# #
#.. ... . #.# ........ #.# ..
..... #.# ....$. #.#


You could see a boulder beetle (rolling), a steam dragon (catching breath, ally
target) and a friendly guardian golem (summoned).

Vanquished Creatures
  A troll (D:8)
  A wyvern (D:7)
  A vampire mosquito (D:8)
  Duvessa (D:7)
  2 sky beasts
  2 orc warriors (D:7)
  A hornet zombie (D:6)
  A black bear (D:7)
  3 ogres
  A centaur (D:8)
  4 kobold brigands
  2 bullfrogs
  A gnoll sergeant (D:5)
  A wyvern zombie (D:6)
  5 scorpions
  Dowan (D:7)
  9 killer bees
  A howler monkey (D:8)
  A centaur zombie (D:8)
  A bullfrog zombie (D:7)
  3 jellies
  2 hounds
  A gnoll shaman (D:6)
  3 orc priests
  A centaur skeleton (D:5)
  2 bullfrog skeletons
  2 iguanas (D:5)
  Ijyb (D:3)
  2 orc wizards
  A killer bee zombie (D:7)
  A hound zombie (D:5)
  A howler monkey zombie (D:7)
  A howler monkey skeleton (D:7)
  12 gnolls
  7 adders
  A white imp (D:6)
  An ufetubus (D:5)
  An adder skeleton (D:4)
  3 worms
  6 dart slugs
  18 orcs
  11 endoplasms
  4 giant cockroaches
  13 goblins
  7 hobgoblins
  9 jackals
  6 quokkas
  8 ball pythons
  6 bats
  6 frilled lizards
  26 kobolds
  5 rats
211 creatures vanquished.

Vanquished Creatures (collateral kills)
  A centaur (D:7)
1 creature vanquished.

Vanquished Creatures (others)
  2 hornets (D:8)
  2 wraiths
  A howler monkey (D:7)
  A shadow imp (D:8)
  780 foxfires
786 creatures vanquished.

Grand Total: 998 creatures vanquished

Notes
Turn   | Place    | Note
-------+----------+-------------------------------------------
     0 | D:1      | Conn the Octopode Fire Elementalist began the quest for the
                  | Orb.
     0 | D:1      | Reached XP level 1. HP: 11/11 MP: 3/3
   176 | D:1      | Reached XP level 2. HP: 17/17 MP: 1/5
   688 | D:1      | Reached XP level 3. HP: 21/21 MP: 2/6
  1102 | D:1      | Found a faded altar of an unknown god.
  1497 | D:2      | Reached XP level 4. HP: 27/27 MP: 1/7
  1678 | D:2      | Reached skill level 2 in Conjurations
  2357 | D:3      | Reached XP level 5. HP: 31/31 MP: 0/9
  2494 | D:3      | Found a glowing golden altar of the Shining One.
  2499 | D:3      | Noticed a kobold brigand
  2507 | D:3      | Killed a kobold brigand
  2879 | D:3      | Noticed Ijyb
  2884 | D:3      | Reached XP level 6. HP: 36/36 MP: 6/11
  2890 | D:3      | Killed Ijyb
  3714 | D:4      | Reached skill level 3 in Conjurations
  4627 | D:4      | Learned a level 3 spell: Conjure Flame
  4631 | D:4      | Learned a level 3 spell: Inner Flame
  4636 | D:4      | Learned a level 4 spell: Sticky Flame
  4647 | D:5      | Entered Level 5 of the Dungeon
  4724 | D:5      | Reached XP level 7. HP: 41/41 MP: 5/13
  4794 | D:5      | Found Duis's Self-Improvement Boutique.
  5002 | D:5      | Reached skill level 5 in Fire Magic
  5127 | D:5      | Reached skill level 4 in Conjurations
  5502 | D:5      | Found Pisaef's Antique Armour Shoppe.
  5581 | D:5      | Learned a level 3 spell: Summon Guardian Golem
  5596 | D:6      | Reached XP level 8. HP: 44/46 MP: 7/15
  5600 | D:6      | Reached skill level 5 in Spellcasting
  5605 | D:6      | Noticed a wraith
  5769 | D:6      | Reached skill level 5 in Conjurations
  5773 | D:6      | Reached skill level 1 in Summonings
  6598 | D:6      | Reached skill level 6 in Conjurations
  7047 | D:7      | Reached XP level 9. HP: 13/52 MP: 12/17
  7047 | D:7      | Noticed Duvessa
  7049 | D:7      | Found a staircase to the Ecumenical Temple.
  7061 | D:7      | Noticed Dowan
  7062 | Temple   | Entered the Ecumenical Temple
  7353 | Temple   | Became a worshipper of Sif Muna the Loreminder
  7388 | D:7      | Killed Duvessa
  7391 | D:7      | Killed Dowan
  7519 | D:7      | Reached skill level 7 in Conjurations
  7687 | D:7      | Found a burning altar of Makhleb.
  7808 | D:7      | Reached skill level 1 in Fighting
  7923 | D:7      | Identified the ring "Oshiol" {*Slow rN++ rCorr Str+3 SInv}
  8136 | D:7      | Found an iron altar of Okawaru.
  8188 | D:7      | Reached * piety under Sif Muna
  8189 | D:7      | Reached skill level 1 in Staves
  8795 | D:8      | Noticed a hornet
  8806 | D:8      | Killed a hornet
  8807 | D:8      | Reached skill level 8 in Conjurations
  8836 | D:8      | Reached skill level 5 in Stealth
  8836 | D:8      | Reached XP level 10. HP: 37/58 MP: 1/20
  9110 | D:8      | Noticed a boulder beetle
  9215 | D:8      | Noticed a boulder beetle
  9824 | D:7      | Reached ** piety under Sif Muna
 10786 | D:8      | Reached skill level 1 in Hexes
 10902 | D:8      | Noticed a boulder beetle
 10936 | D:7      | Learned a level 5 spell: Fireball
 11005 | D:8      | Mangled by a boulder beetle

Illustrated notes

Levels and vault maps discovered:
D:1:      beargit_arrival_diablo_church, layout_basic,
          hellmonk_ecumenical_altar_blasted
D:2:      layout_rooms
D:3:      kennysheep_goblin_castle, layout_basic,
          mainiacjoe_overflow_small_starburst, minmay_randomly_rotated_circles
D:4:      layout_loops_ring, kennysheep_generic_room_14
D:5:      layout_gridville, serial_shops, nicolae_lakefront_shop,
          nicolae_shop_self_help
D:6:      layout_layer_cave
D:7:      layout_basic, mainiacjoe_overflow_alcove_1, okawaru_metal_pillars_1_2,
          minmay_temple_entry_glassed_door, uniq_duvessa
D:8:      minmay_the_grid_triangle_9x9_recursive_2
          [minmay_the_grid_triangle_9x9_prize_special,
          minmay_the_grid_triangle_9x9_checkered,
          minmay_the_grid_triangle_9x9_stretched_checkered,
          minmay_the_grid_triangle_9x9_empty], layout_basic,
          mainiacjoe_overflow_catwalk, mainiacjoe_overflow_swirl, uniq_harold
Temple:   nicolae_temple_elliptical

Skill      XL: |  1  2  3  4  5  6  7  8  9 10 |
---------------+-------------------------------+-----
Fire Magic     | 4 5 6 7 |  7.3
Conjurations   | 2 3 4 6 8 |  8.7
Spellcasting   | 3 4 5 6 7 |  7.4
Stealth        | 3 4 5 |  5.5
Summonings     | 2 |  2.8
Dodging        | 3 |  3.6
Fighting       | 1 |  1.4
Staves         | 1 |  1.4
Hexes          | 1 |  1.0
Short Blades   | |  0.5

Action                   |  1- 3 |  4- 6 |  7- 9 | 10-12 || total
-------------------------+-------+-------+-------+-------++-------
Melee: Dagger            |    13 |    26 |       |       ||    39
       Constrict         |     7 |    11 |    14 |     1 ||    33
       Tentacles         |     3 |     6 |     9 |     1 ||    19
       Unarmed           |     1 |       |       |       ||     1
       Staff             |       |    11 |    45 |     5 ||    61
 Cast: Foxfire           |    66 |   157 |   213 |    38 ||   474
       Sticky Flame      |       |       |    18 |     6 ||    24
       Conjure Flame     |       |       |     4 |     1 ||     5
       Summon Guardian G |       |       |     1 |     9 ||    10
       Inner Flame       |       |       |       |     1 ||     1
Evoke: Wand              |       |       |     1 |       ||     1
  Use: Scroll            |       |       |    18 |       ||    18
       Potion            |       |       |     2 |       ||     2
 Stab: Sleeping          |       |     4 |     2 |     1 ||     7
Armor: Skin              |     3 |     3 |     4 |     3 ||    13
Dodge: Dodged            |    33 |    44 |    75 |    31 ||   183

Table legend: (Time is in decaauts)
 A = Elapsed time spent in this place.
 B = Non-inter-level travel time spent in this place.
 C = Inter-level travel time spent in this place.
 D = Time resting spent in this place.
 E = Time spent auto-exploring this place.
 F = Levels seen in this place.
 G = Mean time per level.
                   A        B        C        D        E       F      G
               +--------+--------+--------+--------+--------+-----+--------+
         Total |  11032 |  10816 |    216 |   1278 |   7020 |   9 | 1225.8 |
       Dungeon |  10712 |  10524 |    188 |   1039 |   6975 |   8 | 1339.0 |
        Temple |    319 |    291 |     28 |    239 |     45 |   1 |  319.0 |
               +--------+--------+--------+--------+--------+-----+--------+

Top non-repeatable levels by time:
     D:7: 1901 daAuts
     D:6: 1802 daAuts
     D:3: 1487 daAuts
     D:1: 1404 daAuts
     D:5: 1321 daAuts
     D:8: 1041 daAuts
     D:4: 947 daAuts
     D:2: 806 daAuts
  Temple: 319 daAuts
